 Dungeon Crawl Stone Soup version 0.28.0-49-g6dfe1f597d (webtiles) character file.

Game seed: 14517384880719728192

107 styxcanada the Sneak (level 4, -2/23 HPs)
             Began as a Spriggan Brigand on May 11, 2022.
             Killed from afar by Sigmund (6 damage)
             ... with a magic dart
             ... on level 3 of the Dungeon.
             The game lasted 00:07:16 (2807 turns).

styxcanada the Sneak (Spriggan Brigand)             Turns: 2807, Time: 00:07:17

Health: -2/23      AC:  5    Str:  7    XL:     4   Next: 57%
Magic:  5/5        EV: 17    Int: 12    God:
Gold:   150        SH:  0    Dex: 18    Spells: 3/3 levels left

rFire   . . .      SeeInvis +   a - +2 dagger
rCold   . . .      Faith    .   (no shield)
rNeg    + . .      Spirit   .   h - +2 robe {rN+}
rPois   .          Reflect  .   (helmet restricted)
rElec   .          Harm     .   c - +0 cloak
rCorr   .          Rampage  .   (gloves unavailable)
Will    .....                   (boots unavailable)
Stlth   ++++......              (no amulet)
HPRegen 0.07/turn               (no ring)
MPRegen 0.09/turn               (no ring)

@: very quick
A: very small, no large weapons, unfitting armour, see invisible, speed 3
a: no special abilities


You were on level 3 of the Dungeon.
You visited 1 branch of the dungeon, and saw 3 of its levels.

You collected 150 gold pieces.

Inventory:

Hand Weapons
 a - a +2 dagger (weapon)
Missiles
 d - 7 poisoned darts (quivered)
 e - 2 curare-tipped darts
 g - 90 stones
 j - 17 sling bullets
 q - 3 boomerangs
Armour
 c - a +0 cloak (worn)
 h - a +2 robe of positive energy (worn)
Wands
 o - a wand of acid (14)
 s - a wand of iceblast (4)
Scrolls
 b - a scroll of teleportation {unknown}
 f - 5 scrolls of identify {unknown}
 l - a scroll of enchant armour {unknown}
 p - a scroll of enchant weapon {unknown}
Potions
 i - 2 potions of heal wounds {unknown}
 k - 2 potions of haste {unknown}
 m - 3 potions of curing {unknown}
 n - a potion of degeneration {unknown}
 r - a potion of might {unknown}
 t - a potion of flight {unknown}


   Skills:
 - Level 1.7 Fighting
 - Level 2.7 Short Blades
 - Level 2.2 Throwing
 - Level 1.8 Dodging
 - Level 7.7 Stealth
 + Level 2.3 Evocations


You had 3 spell levels left.
You didn't know any spells.
Your spell library was empty.

Dungeon Overview and Level Annotations

Branches:
Dungeon (3/15)

Altars:
Zin

Annotations:
D:3 Robin, Sigmund


Innate Abilities, Weirdness & Mutations

You are very small and have problems with some larger weapons.
You are too small for most types of armour.
You have supernaturally acute eyesight. (SInv)
You cover ground extremely quickly. (Speed+++)


Message History

The goblin is severely wounded.
The goblin completely misses you.
You closely miss the goblin.
The goblin is severely wounded.
The goblin hits you with a +0 club.
You miss the goblin.
The goblin is severely wounded.
The goblin closely misses you.
You barely miss the goblin.
The goblin is severely wounded.
The goblin hits you but does no damage.
You hit the goblin.
You kill the goblin!
You barely miss the goblin. The goblin completely misses you.
You hit the goblin.
The goblin is heavily wounded.
The goblin closely misses you.
You hit the goblin.
You kill the goblin!
You start resting.
Sigmund is nearby!
Throw: 9 darts (poison)
Press: ? - help, Q - select action, (/) - cycle Shift-Dir - straight line, f - Sigmund
Aim: Sigmund, wielding a +0 scythe and wearing a +0 robe (58% to hit)
You throw a poisoned dart. The poisoned dart hits Sigmund.
Sigmund is poisoned.
Sigmund gestures at you while chanting. The puff of flame hits you!
Sigmund laughs darkly.
Sigmund gestures at you while chanting. The magic dart hits you.
* * * LOW HITPOINT WARNING * * *
Throw: 8 darts (poison)
Press: ? - help, Q - select action, (/) - cycle Shift-Dir - straight line, f/p - Sigmund
Aim: Sigmund, wielding a +0 scythe and wearing a +0 robe (lightly wounded, poisoned, 58% to hit)
You throw a poisoned dart. The poisoned dart hits Sigmund.
Sigmund looks even sicker.
Sigmund is lightly wounded.
Sigmund points at you and mumbles some strange words.
The magic dart hits you.
You die...

.###### .<....###
@.###...##
#.#####..#####
#.##..........
#g##.#.8..#..#####
#.##.....###..##.#
......8..#.#..##.##
####
#..##....'_#..).@.# #..
......8..#.#@####.###.#
....l....###.# #..##.#
.. .......8..#g.#
##....###....
......g.g.g.##
###.........
.........g###
####.###... ..........#
#....# ..........#
#.#### ..........# #.#


You could see Sigmund (very poisoned).

Vanquished Creatures
  4 adders
  A worm (D:2)
  3 dart slugs
  8 endoplasms
  A giant cockroach (D:2)
  10 goblins
  6 hobgoblins
  A jackal (D:1)
  2 quokkas
  7 ball pythons
  6 bats
  2 frilled lizards (D:1)
  2 kobolds
  5 rats
58 creatures vanquished.

Notes
Turn   | Place    | Note
-------+----------+-------------------------------------------
     0 | D:1      | styxcanada the Spriggan Brigand began the quest for the
                  | Orb.
     0 | D:1      | Reached XP level 1. HP: 10/10 MP: 2/2
    38 | D:1      | Reached skill level 6 in Stealth
   278 | D:1      | Reached XP level 2. HP: 14/14 MP: 3/3
   744 | D:1      | Found a faded altar of an unknown god.
   827 | D:1      | Reached skill level 7 in Stealth
  1187 | D:2      | Reached XP level 3. HP: 13/18 MP: 4/4
  2200 | D:2      | Reached XP level 4. HP: 23/23 MP: 5/5
  2616 | D:3      | Noticed Sigmund
  2616 | D:3      | Noticed Robin
  2628 | D:3      | Reached skill level 1 in Evocations
  2765 | D:3      | Found a glowing silver altar of Zin.
  2807 | D:3      | Killed from afar by Sigmund

Illustrated notes

Levels and vault maps discovered:
D:1:      onia_arrival_handbag, layout_basic,
          shapermc_ecumenical_altar_acropolis, minmay_pentomino_z2
D:2:      minmay_general_purpose_star, layout_basic,
          minmay_randomly_rotated_circles
D:3:      layout_rooms, nicolae_dithmenos_the_darkroom,
          yredelemnul_forgotten_temple_becter, gammafunk_temple_overflow_arena,
          zin_statuary, serial_curves, eino_curves_03, eino_curves_04,
          eino_curves_01, eino_curves_03, uniq_sigmund, uniq_robin

Skill      XL: |  1  2  3  4 |
---------------+-------------+-----
Stealth        | 6 7 |  7.7
Evocations     | 2 |  2.3
Fighting       | |  1.7
Short Blades   | |  2.7
Throwing       | |  2.2
Dodging        | |  1.8

Action                   |  1- 3 |  4- 6 || total
-------------------------+-------+-------++-------
Melee: Dagger            |   106 |    47 ||   153
       Punch             |     1 |       ||     1
Throw: Dart              |    21 |     2 ||    23
 Stab: Sleeping          |    13 |     8 ||    21
Armor: Robe              |    12 |     5 ||    17
Dodge: Dodged            |    56 |    36 ||    92
